Map: Abyssal Reef LE

Players

JediVipor

  • Race: Zerg Zerg
  • League: Master
  • Spawn Location: 5:00

xKawaiian - Winner!

  • Race: Terran Terran
  • League: Master
  • Spawn Location: 11:00

VOD

Have the link to the VOD?

Description

Time

  • Played on: May 6, 2017, 11:35 p.m.
  • Length: 19:39
Show
View Real Time Build Order
Export as new Build Order

JediVipor Zerg 

Build Orders: Hatch First, Zergling Baneling 

Get SALT Encoding   

  12  0:01  Drone  
  13  0:13  Overlord  
  13  0:18  Drone  
  14  0:38  Drone x3  
  17  0:55  Hatchery  
  16  0:59  Drone  
  16  1:01  Extractor  
  16  1:03  Drone  
  17  1:17  Spawning Pool  
  16  1:20  Drone  
  16  1:24  Drone  
  18  1:35  Drone  
  19  1:42  Overlord  
  19  2:05  Queen  
  19  2:06  Metabolic Boost  
  19  2:07  Queen  
  23  2:09  Zergling x2  
  23  2:11  Drone  
  23  2:14  Drone  
  26  2:16  Drone  
  27  2:24  Drone  
  28  2:32  Extractor  
  28  2:34  Spore Crawler  
  25  2:49  Drone x3  
  25  2:50  Drone x2  
  32  3:02  Drone, Hatchery  
  32  3:03  Drone  
  33  3:06  Overlord  
  33  3:16  Drone x2  
  33  3:17  Drone  
  33  3:18  Overlord  
  36  3:25  Zergling x6  
  39  3:27  Zergling x2  
  39  3:30  Zergling x2  
  39  3:31  Zergling x2  
  42  3:37  Baneling Nest  
  42  3:39  Zergling x2  
  42  3:42  Zergling x2  
  43  3:51  Zergling x4  
  43  3:55  Zergling x12  
  48  4:08  Zergling x4  
  47  4:17  Zergling x6  
  47  4:22  Zergling x2  
  49  4:24  Zergling x8  
  49  4:25  Zergling x2  
  49  4:29  Zergling x6  
  57  4:37  Baneling x2  
  57  4:38  Baneling x8  
  57  4:39  Zergling x2  
  57  4:41  Overlord x2  
  58  4:53  Overlord x3  
  50  5:08  Zergling x12  
  50  5:09  Zergling x4  
  55  5:15  Drone  
  55  5:19  Lair  
  55  5:20  Spore Crawler  
  55  5:21  Drone x2  
  51  5:33  Drone x3  
  51  5:35  Queen, Drone  
  50  5:43  Drone x2  
  51  5:50  Queen  
  51  5:51  Drone x4  
  51  5:54  Drone x2  
  51  5:56  Drone  
  56  6:17  Spore Crawler  
  52  6:22  Extractor  
  52  6:24  Extractor  
  52  6:25  Drone, Evolution Chamber  
  48  6:26  Evolution Chamber, Drone x2  
  48  6:27  Drone x3  
  52  6:33  Queen  
  52  6:34  Drone x5  
  52  6:35  Drone x4  
  59  6:45  Spore Crawler  
  56  6:55  Zerg Missile Weapons Level 1, Zerg Ground Armor Level 1  
  56  7:00  Hydralisk Den, Drone  
  53  7:02  Drone x10  
  59  7:19  Spore Crawler, Drone x3  
  59  7:20  Drone x3  
  63  7:23  Queen  
  62  7:32  Drone  
  62  7:33  Drone x3  
  62  7:34  Drone  
  68  7:37  Drone  
  68  7:54  Extractor  
  68  7:56  Drone x3  
  68  7:57  Drone x3  
  68  7:58  Drone, Extractor  
  73  8:00  Hydralisk  
  73  8:01  Hydralisk  
  73  8:05  Overseer  
  77  8:09  Hydralisk x4  
  77  8:10  Hydralisk  
  81  8:23  Hydralisk x5  
  82  8:31  Zergling x4  
  82  8:32  Zergling x12  
  84  8:38  Zergling x4  
  84  8:40  Drone  
  84  8:41  Drone x3  
  75  8:53  Drone x4  
  75  8:54  Queen  
  77  8:57  Zerg Missile Weapons Level 2  
  77  8:59  Zerg Melee Weapons Level 1  
  75  9:03  Muscular Augments  
  75  9:05  Drone  
  75  9:06  Drone  
  75  9:07  Drone  
  78  9:11  Drone  
  78  9:13  Drone  
  80  9:21  Drone  
  80  9:22  Drone  
  82  9:28  Hydralisk  
  84  9:32  Hatchery  
  84  9:37  Drone x2  
  84  9:38  Drone x3  
  87  9:41  Centrifical Hooks  
  88  9:47  Overlord x2  
  88  9:49  Overlord  
  88  9:52  Overlord  
  88  9:54  Overlord  
  88  10:03  Overlord  
  88  10:11  Hydralisk x5  
  88  10:14  Zergling x6  
  101  10:25  Hydralisk x2  
  101  10:26  Hydralisk x3  
  111  10:29  Baneling x4  
  111  10:30  Baneling x5  
  111  10:32  Hydralisk  
  111  10:34  Hydralisk  
  115  10:49  Drone x4  
  120  10:50  Drone x4  
  121  11:17  Overlord x7  
  109  11:35  Drone x3  
  109  11:36  Drone x4  
  109  11:37  Drone  
  112  11:45  Hydralisk x10  
  130  11:53  Queen  
  132  11:55  Drone x3  
  132  11:56  Drone, Extractor x2  
  132  11:57  Drone x2  
  136  12:02  Hydralisk x4  
  144  12:09  Hatchery  
  143  12:15  Zerg Ground Armor Level 2  
  143  12:17  Zerg Melee Weapons Level 2  
  143  12:20  Infestation Pit  
  143  12:21  Drone  
  143  12:24  Hydralisk x4  
  143  12:25  Zergling x4  
  143  12:28  Drone x3  
  143  12:29  Drone  
  157  12:30  Drone  
  157  12:31  Drone  
  157  12:32  Drone  
  160  12:44  Zergling x10  
  157  13:02  Drone x10  
  157  13:03  Drone  
  160  13:20  Queen  
  160  13:25  Hydralisk  
  160  13:26  Hydralisk x5  
  174  13:28  Overlord  
  174  13:29  Overlord x4  
  174  13:30  Overseer x2  
  168  13:46  Drone x3  
  169  14:01  Hatchery  
  169  14:02  Drone x2  
  170  14:08  Hive  
  170  14:17  Baneling x3  
  170  14:18  Zergling x2  
  170  14:19  Zergling x34  
  188  14:24  Baneling x3  
  188  14:28  Hatchery  
  187  14:34  Hydralisk  
  187  14:35  Hydralisk x5  
  141  14:48  Zergling x24  
  132  15:09  Hydralisk x8  
  132  15:12  Baneling x3  
  132  15:13  Baneling x8, Hydralisk  
  150  15:29  Ultralisk Cavern, Drone  
  150  15:30  Overlord  
  150  15:35  Zerg Melee Weapons Level 3  
  150  15:37  Zerg Ground Armor Level 3  
  150  15:38  Adrenal Glands  
  150  15:40  Zergling x6  
  150  15:41  Zergling x2  
  150  15:42  Zergling x2  
  155  15:43  Zergling x2  
  155  15:44  Zergling x2  
  155  15:45  Zergling x2  
  155  15:47  Zergling x4  
  155  15:48  Zergling x2  
  155  15:49  Zergling x2  
  156  16:11  Drone x3  
  155  16:32  Hydralisk x4  
  153  16:33  Hydralisk x10  
  153  16:36  Zergling x4  
  153  16:37  Zergling x2, Hatchery  
  176  16:50  Hatchery  
  163  17:05  Ultralisk  
  163  17:07  Hatchery  
  168  17:10  Chitinous Plating  
  168  17:37  Baneling x3  
  168  17:38  Baneling x6  
  168  17:39  Baneling x4  
  168  17:52  Hydralisk  
  168  17:53  Hydralisk x3  
  164  18:07  Hydralisk x9  
  177  18:32  Overlord x5  
  177  18:33  Overlord x5  
  177  18:36  Overseer, Queen  
  107  18:57  Hydralisk x5  
  107  18:58  Zergling x14  
  107  18:59  Zergling x6  
  103  19:05  Zergling x6  
  114  19:31  Hatchery  
Show
View Real Time Build Order
Export as new Build Order

xKawaiian Terran - Winner!

Build Orders: Reaper Expand, Hellion Banshee, MMM Bio 

Get SALT Encoding   

  12  0:00  SCV  
  13  0:13  SCV  
  14  0:17  Supply Depot  
  14  0:25  SCV  
  15  0:38  SCV  
  15  0:40  Barracks  
  16  0:46  Refinery  
  16  0:50  SCV  
  17  1:02  SCV  
  18  1:26  Orbital Command  
  18  1:30  Reaper  
  19  1:37  Command Center  
  19  1:44  Refinery  
  19  1:51  Supply Depot  
  20  1:54  SCV  
  20  2:03  Barracks Reactor  
  20  2:06  SCV  
  21  2:17  Factory  
  21  2:18  SCV  
  22  2:30  SCV  
  23  2:40  Marine x2  
  25  2:45  SCV  
  25  2:49  Orbital Command  
  25  2:57  SCV  
  26  3:02  Starport  
  26  3:07  Hellion x2  
  26  3:09  SCV  
  26  3:10  Barracks Tech Lab  
  31  3:15  SCV  
  32  3:23  Supply Depot, SCV  
  33  3:28  Hellion x2  
  33  3:32  SCV  
  38  3:42  SCV  
  38  3:45  Raven  
  41  3:49  Hellion  
  41  3:50  Hellion  
  45  3:57  Barracks Tech Lab  
  45  3:58  SCV  
  46  4:06  SCV  
  47  4:10  SCV  
  47  4:11  Command Center  
  48  4:17  Hellion x2  
  44  4:26  Supply Depot  
  44  4:28  Banshee  
  44  4:29  Supply Depot  
  47  4:33  SCV  
  47  4:35  Supply Depot  
  48  4:39  SCV  
  48  4:42  Hellion  
  48  4:45  SCV  
  52  4:46  Widow Mine  
  52  4:51  SCV  
  55  4:57  SCV  
  56  5:04  SCV  
  53  5:09  SCV  
  53  5:10  Marine  
  53  5:12  Banshee  
  43  5:19  SCV  
  43  5:21  Hellion x2  
  41  5:29  SCV  
  41  5:31  SCV  
  41  5:35  Marine  
  42  5:41  SCV  
  42  5:42  Hellion x2  
  47  5:53  SCV  
  48  6:00  SCV  
  49  6:10  Hellion x2  
  51  6:16  SCV x2  
  46  6:23  Command Center  
  46  6:24  Supply Depot  
  44  6:26  Supply Depot  
  44  6:28  SCV x2  
  44  6:32  Hellion  
  48  6:40  SCV x2  
  48  6:42  Banshee, Marine  
  48  6:46  Stimpack  
  54  6:52  SCV  
  54  6:53  SCV  
  58  7:01  Hellion  
  58  7:04  SCV  
  58  7:08  Marine  
  57  7:09  Hellion  
  59  7:17  SCV  
  62  7:23  Hellion  
  62  7:26  Marine  
  66  7:32  SCV  
  66  7:33  SCV  
  68  7:40  Barracks  
  68  7:41  Barracks  
  68  7:42  Barracks, Orbital Command  
  68  7:50  SCV  
  68  7:51  SCV  
  67  7:53  Engineering Bay x2  
  67  8:01  Factory Reactor  
  67  8:04  SCV  
  67  8:05  SCV  
  69  8:06  Starport Reactor  
  69  8:07  Supply Depot  
  69  8:26  SCV x3  
  69  8:30  Barracks Reactor  
  69  8:34  Supply Depot x2, Terran Infantry Armor Level 1, Terran Infantry Weapons Level 1, Barracks  
  69  8:35  Supply Depot  
  69  8:36  Barracks  
  69  8:38  SCV  
  57  8:52  Widow Mine x2  
  57  8:53  Medivac x2  
  57  8:54  Combat Shields  
  63  8:55  SCV  
  63  8:56  Marauder  
  63  9:01  Orbital Command  
  60  9:03  Marine  
  60  9:08  Marine  
  60  9:09  Marauder, Marine x2  
  66  9:18  Refinery  
  66  9:19  Marauder, Refinery  
  66  9:20  Marine  
  66  9:23  Barracks Tech Lab  
  69  9:25  Medivac  
  69  9:26  Marine x2  
  69  9:29  Barracks Reactor  
  73  9:33  Marine  
  73  9:34  Marauder  
  73  9:35  Widow Mine  
  73  9:36  Widow Mine  
  80  9:41  SCV x2  
  80  9:42  SCV  
  83  9:46  Marauder  
  83  9:47  Concussive Shells  
  85  9:53  Marine x2  
  85  9:54  Marauder  
  85  9:55  Marine x2  
  85  9:56  Marauder  
  85  9:57  Medivac  
  85  9:59  Medivac  
  97  10:05  Marine, Armory  
  97  10:06  Marine  
  99  10:07  Marauder  
  99  10:11  Marine x2  
  99  10:13  Marine  
  104  10:16  Marine  
  104  10:17  Marine x2  
  104  10:18  Widow Mine x2  
  111  10:23  Marine x2  
  111  10:28  Supply Depot x2, Marine  
  113  10:29  Supply Depot  
  113  10:34  Marine  
  117  10:35  Marauder  
  117  10:40  Supply Depot x2  
  117  10:41  Supply Depot  
  117  10:42  Supply Depot  
  117  10:44  Supply Depot  
  117  10:50  SCV x3  
  117  10:52  Terran Infantry Weapons Level 2  
  117  10:53  Supply Depot x2  
  120  10:57  Terran Infantry Armor Level 2  
  120  11:02  Marine, SCV x3  
  124  11:05  Marauder  
  125  11:19  Marauder x2, Marine x2  
  125  11:22  Marine x2  
  133  11:29  Marine x3  
  134  11:35  Terran Ship Weapons Level 1  
  134  11:36  Starport  
  134  11:37  Marine x2  
  124  11:40  Marine x4  
  124  11:45  Medivac  
  124  11:47  Marine x3  
  123  11:50  Fusion Core  
  123  11:51  Refinery  
  123  11:52  Refinery  
  123  11:54  Liberator, Marine  
  126  11:55  Marine  
  126  11:58  Marine x3  
  126  11:59  Marauder  
  126  12:00  Supply Depot  
  133  12:04  Command Center  
  133  12:06  Sensor Tower  
  136  12:21  Starport Tech Lab  
  136  12:23  Supply Depot  
  136  12:24  SCV  
  136  12:25  SCV x2, Marine x2  
  136  12:26  Marauder x2  
  136  12:27  Widow Mine  
  147  12:41  Advanced Ballistics  
  147  12:42  Marauder, Marine  
  150  12:45  Marine  
  150  12:48  Marauder, Marine x5  
  157  13:04  Marauder  
  150  13:05  Marine  
  150  13:08  Marine x6  
  150  13:09  Marine  
  153  13:21  Planetary Fortress  
  153  13:23  Marine  
  153  13:25  Marine  
  153  13:26  Marine x4  
  160  13:27  Marauder  
  160  13:28  Marauder  
  160  13:32  Marine  
  163  13:35  SCV  
  163  13:38  Widow Mine  
  163  13:39  Widow Mine  
  165  13:41  Marine  
  165  13:43  Marauder  
  165  13:44  Marine  
  165  13:45  Marine x2  
  165  13:46  Marine  
  168  13:48  Marauder, Marine  
  163  13:56  Marine  
  163  13:59  Marine  
  163  14:01  Marine  
  154  14:03  Marine x2  
  154  14:04  Marauder  
  154  14:07  Marauder  
  154  14:08  Marine  
  154  14:09  Marauder  
  163  14:10  Medivac x2  
  163  14:11  Medivac  
  163  14:14  Marine  
  170  14:17  Marine  
  170  14:20  Marine  
  170  14:21  Command Center, Marine  
  173  14:26  Marauder, Marine  
  173  14:27  Marine  
  173  14:28  Marauder  
  173  14:30  Marine  
  180  14:32  Marine  
  180  14:37  Marine  
  180  14:38  Marine  
  145  14:40  Marine, Medivac x2  
  145  14:41  Medivac  
  145  14:44  Marine x2, Widow Mine x2  
  128  14:47  Marauder  
  128  14:48  Marine  
  128  14:49  Marine  
  128  14:50  Marine  
  115  14:55  Marine  
  115  14:58  Marine  
  115  14:59  Marine  
  116  15:08  Marine  
  116  15:09  Marauder x2, Marine  
  116  15:12  Medivac  
  124  15:25  Sensor Tower  
  124  15:27  Missile Turret  
  124  15:28  Command Center  
  124  15:34  Marine x5  
  124  15:35  Missile Turret  
  135  15:36  Missile Turret, Sensor Tower  
  135  15:39  Planetary Fortress  
  135  15:44  Terran Infantry Weapons Level 3  
  135  15:45  Terran Infantry Armor Level 3  
  135  15:48  Marine  
  130  15:51  Marine  
  129  16:08  Marine x7  
  129  16:10  Marine  
  129  16:14  Marauder  
  129  16:17  Liberator x3  
  130  16:26  Marine x7  
  130  16:28  Marine  
  138  16:33  Widow Mine  
  138  16:35  Marine  
  150  16:44  Marine x6  
  150  16:45  Marauder  
  150  16:46  Marauder  
  158  16:53  Marine  
  159  17:00  Liberator x3  
  144  17:01  Marine  
  144  17:02  Marine x3  
  144  17:06  Marauder, Marine  
  151  17:11  Widow Mine x2  
  151  17:15  Marine  
  156  17:20  Marine  
  164  17:22  Marine  
  164  17:23  Marine x4  
  164  17:24  Planetary Fortress  
  164  17:28  Marine  
  155  17:36  Marauder, Marine  
  158  17:38  Marine  
  158  17:39  Widow Mine  
  158  17:40  Marine x2, Widow Mine  
  158  17:41  Marauder  
  158  17:42  Marine  
  158  17:43  Marauder  
  170  17:46  Marine  
  171  17:54  Marine  
  171  17:56  Marine  
  171  17:58  Marauder, Marine x2  
  164  18:00  Marine, Refinery  
  164  18:01  Refinery  
  164  18:03  Marauder  
  164  18:04  Marauder, Marine  
  161  18:06  Liberator x2  
  161  18:08  Widow Mine x2  
  161  18:12  Marine  
  142  18:14  Marine  
  142  18:16  Marine x2  
  142  18:17  Refinery  
  142  18:18  Marine, Refinery  
  142  18:19  Marauder  
  144  18:22  Marine  
  144  18:23  Marine  
  144  18:25  Marine  
  153  18:29  Marine  
  153  18:32  Marine  
  153  18:34  Marine x2  
  155  18:36  Marine  
  155  18:39  Marine  
  155  18:40  Marine  
  160  18:41  Marine  
  160  18:44  Marauder  
  160  18:47  Marine  
  152  18:49  Marine  
  152  18:52  Marine x2  
  152  18:54  Marine  
  140  18:57  Marine  
  140  18:58  Marauder  
  140  19:00  Marauder  
  136  19:04  Marine  
  136  19:05  Marine  
  136  19:07  Marine  
  136  19:09  Marine  
  139  19:10  Marine  
  139  19:11  Marine  
  139  19:14  Refinery  
  139  19:15  Marine  
  139  19:16  Refinery  
  159  19:28  Command Center  
Tags
 
Add a new tag
Caveats
  • Supply blocks, unpowered buildings, or Contaminate may cause inaccurate times.
  • Supply counts are checked every 10 seconds.